 Dungeon Crawl Stone Soup version 0.30-b1-2-g02819fbbbe (webtiles) character file.

Game seed: 17338041485625710554

58 kizenblaze the Slasher (level 4, 0/35 HPs)
             Began as a Human Fighter on June 15, 2023.
             Slain by a scorpion (4 damage)
             ... on level 4 of the Dungeon.
             The game lasted 00:07:26 (1972 turns).

kizenblaze the Slasher (Human Fighter)              Turns: 1972, Time: 00:07:26

Health: 0/35       AC:  7    Str: 17    XL:     4   Next: 20%
Magic:  4/4        EV:  9    Int:  8    God:
Gold:   56         SH:  5    Dex: 14    Spells: 3/3 levels left

rFire   . . .        o - +2 short sword (freeze)
rCold   . . .        c - +0 buckler
rNeg    . . .        b - +0 scale mail
rPois   .            p - +1 hat
rElec   .            (no cloak)
rCorr   .            (no gloves)
SInv    .            (no boots)
Will    .....        (no amulet) Stlth
                     (no ring)
HPRegen 0.25/turn    (no ring)
MPRegen 0.09/turn

%: no passive effects
@: lethally poisoned (0 -> -2), invisible
A: no striking features
a: no special abilities


You were on level 4 of the Dungeon.
You visited 1 branch of the dungeon, and saw 4 of its levels.

You collected 56 gold pieces.

Inventory:

Hand Weapons
 a - a +0 long sword
 f - a +0 sling
 g - a +0 mace
 o - a +2 short sword of freezing (weapon)
Missiles
 e - 3 javelins (quivered)
 h - 22 stones
 j - 2 poisoned darts
Armour
 b - a +0 scale mail (worn)
 c - a +0 buckler (worn)
 p - a +1 hat (worn)
Scrolls
 i - a scroll of amnesia {unknown}
 l - 2 scrolls of enchant weapon {unknown}
 n - 2 scrolls of magic mapping {unknown}
 r - a scroll of identify {unknown}
 s - a scroll of fear {unknown}
 t - a scroll of blinking {unknown}
 u - a scroll of enchant armour {unknown}
Potions
 d - a potion of might
 k - a potion of invisibility
 m - a potion of heal wounds {unknown}
 q - a potion of flight {unknown}
 v - a potion of curing {unknown}


   Skills:
 - Level 3.0 Fighting
 + Level 3.6 Long Blades
 - Level 3.1 Armour
 - Level 3.4 Shields


You had 3 spell levels left.
You didn't know any spells.
Your spell library contained the following spells:

 Spells                   Type           Power      Damage    Failure   Level
 Magic Dart               Conj           0%         1d3       88%         1
 Call Imp                 Summ           0%         N/A       95%         2
 Ensorcelled Hibernation  Hex/Ice        0%         N/A       95%         2
 Searing Ray              Conj           0%         2d4       95%         2
 Mephitic Cloud           Conj/Pois/Air  0%         N/A       99%         3
 Spider Form              Tmut/Pois      0%         N/A       99%         3
 Anguish                  Hex/Necr       0%         N/A       100%        4
 Fulminant Prism          Conj/Hex       0%         3d5       100%        4


Dungeon Overview and Level Annotations

Branches:
Dungeon (4/15)
 Temple: D:4-7

Altars:

Shops:
D:2 =   D:4 ?

Annotations:
D:4 1 transporter


Message History

The scorpion completely misses you.
You hit the scorpion. You freeze the scorpion.
The scorpion is lightly wounded.
The scorpion stings you.
You are poisoned.
The scorpion poisons you!
You feel very sick. The scorpion barely misses you.
You slide downwards.
The hatch slams shut behind you.
You feel sick.
You feel sick.
The scorpion stings you but does no damage.
Found a transporter.
You feel sick.
The scorpion stings you but does no damage.
The scorpion attacks as you move away! The scorpion stings you.
You are more poisoned.
The scorpion poisons you!
You feel very sick.
Found Ujametae's Magic Scroll Emporium.
You feel very sick.
* * * LOW HITPOINT WARNING * * *
You feel very sick. The scorpion barely misses you.
The scorpion attacks as you move away!
The scorpion stings you but does no damage.
* * * LOW HITPOINT WARNING * * *
You feel sick.
The scorpion stings you but does no damage.
Found a transporter.
* * * LOW HITPOINT WARNING * * *
You feel sick.
You feel sick.
There is a transporter here.
Unknown command.
You enter the transporter and appear at another place.
You feel sick. You block the scorpion's attack.
Found 3 poisoned darts.
It was a potion of invisibility.
You fade into invisibility!
You feel sick. The scorpion stings you.
You die...

################
..#...s.#......####.#
(©#©.∩.@#©...#......#
..#.....#...####.##.#
############# ##


You could see a scorpion (unable to see you).

Vanquished Creatures
  2 adders (D:2)
  A worm (D:2)
  A dart slug (D:1)
  An orc (D:3)
  4 endoplasms (D:2)
  A giant cockroach (D:2)
  A goblin (D:1)
  A hobgoblin (D:2)
  3 jackals (D:2)
  2 kobolds (D:2)
  2 quokkas
  5 ball pythons
  4 bats (D:1)
  2 frilled lizards
  3 rats
33 creatures vanquished.

Notes
Turn   | Place    | Note
-------+----------+-------------------------------------------
     0 | D:1      | kizenblaze the Human Fighter began the quest for the Orb.
     0 | D:1      | Reached XP level 1. HP: 18/18 MP: 1/1
   182 | D:1      | Reached XP level 2. HP: 24/24 MP: 2/2
  1112 | D:2      | Reached XP level 3. HP: 29/29 MP: 3/3
  1257 | D:2      | Found Fucw's Jewellery Shop.
  1738 | D:2      | Reached XP level 4. HP: 35/35 MP: 4/4
  1947 | D:3      | Noticed a scorpion
  1964 | D:4      | Found a transporter.
  1966 | D:4      | Found Ujametae's Magic Scroll Emporium.
  1969 | D:4      | Found a transporter.
  1972 | D:4      | Slain by a scorpion

Illustrated notes

Levels and vault maps discovered:
D:1:      grunt_arrival_lava_bath, layout_basic, minmay_misc_feat_pillars
D:2:      layout_basic, serial_shops, shop
D:3:      layout_rooms, nicolae_overflow_ecumenical_swirl
D:4:      layout_rooms, serial_shops, nicolae_shop_drivethru, minmay_ruptured

Skill      XL: |  1  2  3 |
---------------+----------+-----
Long Blades    | 3 |  3.6
Fighting       | |  3.0
Armour         | |  3.1
Shields        | |  3.4

Action                     |  1- 3 |  4- 6 || total
---------------------------+-------+-------++-------
  Melee: Long sword        |    38 |       ||    38
         Short sword       |    35 |    13 ||    48
  Throw: Javelin           |     6 |     2 ||     8
    Use: Potion            |       |     1 ||     1
 Armour: Scale mail        |    28 |     9 ||    37
  Dodge: Dodged            |    40 |     7 ||    47
  Block: Buckler           |    14 |     3 ||    17
